[ AOE2 MATCH · #505308746 ]
UnrankedGurjaras vs Poles
Player's team · LOSS
Rival team · WIN
[ REPLAY ANALYSIS · EXTRACTED FROM THE RECORDED GAME ]
Feudal
8:53
Castle
22:23
Imperial
33:58
| APM avg | 57.1 |
| APM peak | 111 |
| eAPM avg | 31.3 |
| Villagers / military | 153 / 173 |
Focus
⚔️ 45.1% · 🌾 54.9%
Camel Scout ×125 · Chakram Thrower ×15 · Fishing Ship ×10 · Trebuchet (Packed) ×9 · Archer ×8 · Scout Cavalry ×7
Feudal
9:16
Castle
23:45
Imperial
33:56
| APM avg | 58.5 |
| APM peak | 87 |
| eAPM avg | 30.1 |
| Villagers / military | 191 / 206 |
Focus
⚔️ 45.8% · 🌾 54.2%
Spearman ×95 · Knight ×75 · Obuch ×20 · Skirmisher ×6 · Archer ×3 · Battering Ram ×3
Match map
Initial resources + every placement click. Lines = walls · curves = elevation contours. ◆ gold · ⬟ stone · ● berries · ✦ relic · ◌ wall gap
Your base· Open — opponent sealed themselves in
mentalist_'s base· ✓ Closed at 23:45 · 62t walls · 1 gate(s)
Smoothed initial terrain · ◌ = detected wall gap · hover for details
Inputs per minute
— Courtesy - - mentalist_
Build order — Courtesy
First 150 of 466 actions detected
| 0:01 | Create | Villager (Male) |
| 0:02 | Build | House |
| 0:02 | Build | House |
| 0:14 | Create | Villager (Male) |
| 0:15 | Create | Villager (Male) |
| 0:15 | Create | Villager (Male) |
| 0:33 | Build | Mill |
| 1:21 | Create | Villager (Male) |
| 1:56 | Create | Villager (Male) |
| 2:09 | Create | Villager (Male) |
| 2:58 | Create | Villager (Male) |
| 3:02 | Create | Villager (Male) |
| 3:22 | Create | Villager (Male) |
| 3:52 | Build | House |
| 3:56 | Create | Villager (Male) |
| 4:13 | Create | Villager (Male) |
| 4:27 | Create | Villager (Male) |
| 4:47 | Create | Villager (Male) |
| 5:00 | Create | Villager (Male) |
| 5:06 | Create | Villager (Male) |
| 5:12 | Build | Lumber Camp |
| 6:32 | Research | Feudal Age |
| 7:11 | Build | Mill |
| 7:17 | Build | House |
| 7:39 | Research | Loom |
| 8:04 | Create | Villager (Male) |
| 8:13 | Build | Barracks |
| 8:15 | Create | Villager (Male) |
| 8:53 | Age | Feudal Age |
| 9:07 | Build | Stable |
| 9:11 | Create | Villager (Male) |
| 9:20 | Research | Double-Bit Axe |
| 9:23 | Create | Villager (Male) |
| 9:33 | Create | Villager (Male) |
| 9:40 | Create | Spearman |
| 9:43 | Build | House |
| 9:48 | Create | Scout Cavalry |
| 9:49 | Create | Scout Cavalry |
| 9:53 | Create | Villager (Male) |
| 10:08 | Create | Villager (Male) |
| 10:18 | Research | Horse Collar |
| 10:22 | Create | Scout Cavalry |
| 10:32 | Build | House |
| 10:35 | Build | House |
| 10:41 | Create | Villager (Male) |
| 10:51 | Create | Scout Cavalry |
| 11:05 | Create | Spearman |
| 11:21 | Create | Villager (Male) |
| 11:37 | Create | Villager (Male) |
| 11:46 | Build | Archery Range |
| 11:50 | Create | Scout Cavalry |
| 12:02 | Build | Archery Range |
| 12:09 | Create | Villager (Male) |
| 12:14 | Build | Mining Camp |
| 12:21 | Create | Villager (Male) |
| 12:40 | Build | Farm |
| 12:43 | Build | House |
| 12:43 | Build | Palisade Wall |
| 13:01 | Build | House |
| 13:01 | Build | Palisade Wall |
| 13:03 | Create | Archer |
| 13:08 | Build | Palisade Wall |
| 13:11 | Create | Villager (Male) |
| 13:26 | Create | Archer |
| 13:29 | Build | Watch Tower |
| 13:38 | Create | Villager (Male) |
| 13:55 | Create | Villager (Male) |
| 13:56 | Build | Farm |
| 14:10 | Build | Watch Tower |
| 14:11 | Create | Villager (Male) |
| 14:13 | Create | Archer |
| 14:22 | Create | Villager (Male) |
| 14:41 | Create | Villager (Male) |
| 14:45 | Create | Villager (Male) |
| 14:53 | Create | Villager (Male) |
| 15:01 | Create | Villager (Male) |
| 15:04 | Build | House |
| 15:06 | Build | House |
| 15:07 | Build | House |
| 15:10 | Build | Palisade Wall |
| 15:21 | Create | Villager (Male) |
| 15:28 | Build | Mining Camp |
| 15:41 | Create | Archer |
| 15:48 | Create | Villager (Male) |
| 15:53 | Create | Villager (Male) |
| 15:54 | Build | Farm |
| 16:11 | Build | Market |
| 16:14 | Build | Farm |
| 16:14 | Build | Farm |
| 16:17 | Build | Farm |
| 16:19 | Build | Farm |
| 16:19 | Create | Archer |
| 16:24 | Build | House |
| 16:27 | Research | Town Watch |
| 16:38 | Create | Villager (Male) |
| 16:39 | Create | Archer |
| 16:47 | Build | Farm |
| 16:54 | Build | Palisade Wall |
| 17:24 | Create | Villager (Male) |
| 17:26 | Build | Blacksmith |
| 17:36 | Build | Farm |
| 17:36 | Create | Villager (Male) |
| 17:41 | Build | Palisade Wall |
| 17:56 | Create | Archer |
| 18:14 | Build | Farm |
| 18:16 | Build | Farm |
| 18:30 | Create | Villager (Male) |
| 18:36 | Build | Palisade Wall |
| 18:52 | Build | Palisade Wall |
| 18:54 | Create | Villager (Male) |
| 19:13 | Build | Palisade Gate |
| 19:14 | Build | Palisade Wall |
| 19:43 | Research | Castle Age |
| 19:44 | Research | Castle Age |
| 19:53 | Build | Dock |
| 20:03 | Build | House |
| 20:06 | Build | Palisade Wall |
| 20:17 | Create | Archer |
| 20:22 | Build | Palisade Wall |
| 20:23 | Build | Palisade Wall |
| 20:24 | Build | Palisade Wall |
| 20:24 | Build | Palisade Wall |
| 20:24 | Build | Palisade Wall |
| 20:25 | Build | Palisade Wall |
| 20:25 | Build | Palisade Wall |
| 20:30 | Research | Fletching |
| 20:32 | Create | Fishing Ship |
| 20:39 | Build | Stone Wall |
| 20:43 | Build | Stone Wall |
| 20:43 | Build | Stone Wall |
| 21:12 | Create | Fishing Ship |
| 21:25 | Build | Outpost |
| 21:27 | Create | Scout Cavalry |
| 21:45 | Create | Fishing Ship |
| 21:46 | Build | Fish Trap |
| 21:49 | Create | Villager (Male) |
| 22:18 | Build | Stone Wall |
| 22:21 | Create | Villager (Male) |
| 22:23 | Age | Castle Age |
| 22:32 | Create | Villager (Male) |
| 22:33 | Build | Town Center |
| 22:39 | Research | Bow Saw |
| 22:40 | Research | Tech 906 |
| 22:55 | Create | Villager (Male) |
| 22:59 | Build | Town Center |
| 23:06 | Create | Fishing Ship |
| 23:10 | Create | Villager (Male) |
| 23:14 | Build | Siege Workshop |
| 23:17 | Create | Villager (Male) |
| 23:30 | Build | Fish Trap |
Build order — mentalist_
First 150 of 556 actions detected
| 0:00 | Create | Villager (Male) |
| 0:03 | Build | House |
| 0:05 | Build | House |
| 0:05 | Create | Villager (Male) |
| 0:10 | Create | Villager (Male) |
| 0:19 | Create | Villager (Male) |
| 0:19 | Create | Villager (Male) |
| 1:25 | Create | Villager (Male) |
| 1:50 | Build | Lumber Camp |
| 1:52 | Create | Villager (Male) |
| 2:21 | Create | Villager (Male) |
| 2:49 | Create | Villager (Male) |
| 3:13 | Create | Villager (Male) |
| 3:38 | Create | Villager (Male) |
| 4:00 | Build | House |
| 4:05 | Create | Villager (Male) |
| 4:11 | Create | Villager (Male) |
| 4:24 | Create | Villager (Male) |
| 4:41 | Create | Villager (Male) |
| 5:17 | Create | Villager (Male) |
| 5:37 | Build | House |
| 6:06 | Build | Mill |
| 6:15 | Create | Villager (Male) |
| 6:25 | Research | Loom |
| 7:00 | Create | Villager (Male) |
| 7:05 | Research | Feudal Age |
| 7:57 | Build | Barracks |
| 8:53 | Create | Villager (Male) |
| 9:10 | Create | Villager (Male) |
| 9:16 | Age | Feudal Age |
| 9:16 | Create | Spearman |
| 9:19 | Research | Double-Bit Axe |
| 9:23 | Create | Villager (Male) |
| 9:37 | Create | Spearman |
| 9:42 | Create | Villager (Male) |
| 9:57 | Create | Villager (Male) |
| 10:01 | Build | Mill |
| 10:03 | Create | Villager (Male) |
| 10:12 | Create | Spearman |
| 10:22 | Create | Villager (Male) |
| 10:26 | Create | Spearman |
| 10:32 | Build | Palisade Wall |
| 10:32 | Build | Palisade Wall |
| 10:33 | Build | Palisade Wall |
| 10:34 | Build | Palisade Wall |
| 10:36 | Create | Spearman |
| 10:40 | Create | Villager (Male) |
| 10:57 | Create | Spearman |
| 10:57 | Create | Villager (Male) |
| 11:13 | Create | Villager (Male) |
| 11:32 | Create | Villager (Male) |
| 11:38 | Build | Mill |
| 11:44 | Build | Farm |
| 11:54 | Create | Villager (Male) |
| 11:55 | Create | Spearman |
| 12:12 | Create | Villager (Male) |
| 12:13 | Create | Spearman |
| 12:22 | Create | Spearman |
| 12:36 | Build | Mining Camp |
| 12:40 | Create | Spearman |
| 12:54 | Build | Watch Tower |
| 12:59 | Create | Villager (Male) |
| 13:04 | Create | Spearman |
| 13:11 | Build | Palisade Wall |
| 13:27 | Build | House |
| 13:40 | Build | House |
| 13:44 | Create | Villager (Male) |
| 13:50 | Create | Spearman |
| 13:57 | Build | Watch Tower |
| 14:03 | Create | Spearman |
| 14:03 | Create | Villager (Male) |
| 14:09 | Create | Villager (Male) |
| 14:25 | Create | Spearman |
| 14:35 | Create | Spearman |
| 14:39 | Build | Farm |
| 14:40 | Build | Farm |
| 14:40 | Build | Farm |
| 14:40 | Build | Farm |
| 14:40 | Build | Farm |
| 14:51 | Create | Villager (Male) |
| 15:01 | Build | Watch Tower |
| 15:18 | Create | Villager (Male) |
| 15:32 | Create | Villager (Male) |
| 15:34 | Build | Farm |
| 15:35 | Build | Farm |
| 15:50 | Create | Villager (Male) |
| 15:55 | Build | Archery Range |
| 16:14 | Build | Palisade Wall |
| 16:14 | Build | Palisade Wall |
| 16:15 | Build | Palisade Wall |
| 16:15 | Build | Palisade Wall |
| 16:16 | Build | Palisade Wall |
| 16:17 | Build | Palisade Wall |
| 16:18 | Build | Palisade Wall |
| 16:25 | Create | Villager (Male) |
| 16:30 | Create | Villager (Male) |
| 16:35 | Build | Farm |
| 16:36 | Build | Farm |
| 16:42 | Create | Archer |
| 16:47 | Build | Farm |
| 16:49 | Create | Villager (Male) |
| 17:08 | Create | Villager (Male) |
| 17:10 | Build | Lumber Camp |
| 17:20 | Create | Villager (Male) |
| 17:22 | Create | Archer |
| 17:35 | Build | House |
| 17:36 | Create | Skirmisher |
| 17:40 | Create | Villager (Male) |
| 17:47 | Create | Skirmisher |
| 17:51 | Build | House |
| 18:01 | Build | House |
| 18:04 | Create | Villager (Male) |
| 18:10 | Research | Wheelbarrow |
| 18:16 | Build | House |
| 18:17 | Create | Villager (Male) |
| 18:19 | Build | House |
| 18:23 | Create | Skirmisher |
| 18:25 | Create | Villager (Male) |
| 18:39 | Build | Farm |
| 18:39 | Create | Villager (Male) |
| 18:42 | Create | Skirmisher |
| 18:51 | Build | Farm |
| 18:55 | Build | Mining Camp |
| 18:57 | Build | Farm |
| 19:09 | Create | Villager (Male) |
| 19:16 | Build | Palisade Wall |
| 19:25 | Create | Archer |
| 19:25 | Create | Skirmisher |
| 19:28 | Create | Villager (Male) |
| 19:34 | Build | Palisade Wall |
| 19:37 | Build | Palisade Wall |
| 19:40 | Build | Blacksmith |
| 19:45 | Create | Skirmisher |
| 19:51 | Build | Farm |
| 20:03 | Build | Farm |
| 20:19 | Create | Villager (Male) |
| 20:31 | Build | House |
| 20:40 | Create | Villager (Male) |
| 20:48 | Build | Outpost |
| 20:54 | Build | Palisade Wall |
| 21:01 | Research | Castle Age |
| 21:19 | Build | Palisade Wall |
| 21:21 | Build | Palisade Wall |
| 21:42 | Research | Fletching |
| 21:43 | Research | Fletching |
| 21:57 | Create | Spearman |
| 22:15 | Research | Horse Collar |
| 22:16 | Research | Horse Collar |
| 22:23 | Build | House |
| 22:58 | Build | Palisade Gate |
Match timeline
| 7:57 | mentalist_ · first_building Barracks |
| 8:13 | Courtesy · first_building Barracks |
| 8:53 | Courtesy · age_up feudal |
| 9:07 | Courtesy · first_building Stable |
| 9:16 | mentalist_ · age_up feudal |
| 10:32 | mentalist_ · wall_segment Palisade Wall x1 |
| 10:32 | mentalist_ · wall_segment Palisade Wall x1 |
| 10:33 | mentalist_ · wall_segment Palisade Wall x1 |
| 10:34 | mentalist_ · wall_segment Palisade Wall x1 |
| 11:46 | Courtesy · first_building Archery Range |
| 12:43 | Courtesy · wall_segment Palisade Wall x1 |
| 13:01 | Courtesy · wall_segment Palisade Wall x3 |
| 13:08 | Courtesy · wall_segment Palisade Wall x4 |
| 13:11 | mentalist_ · wall_segment Palisade Wall x1 |
| 15:10 | Courtesy · wall_segment Palisade Wall x1 |
| 15:55 | mentalist_ · first_building Archery Range |
| 16:14 | mentalist_ · wall_segment Palisade Wall x2 |
| 16:14 | mentalist_ · wall_segment Palisade Wall x1 |
| 16:15 | mentalist_ · wall_segment Palisade Wall x1 |
| 16:15 | mentalist_ · wall_segment Palisade Wall x1 |
| 16:16 | mentalist_ · wall_segment Palisade Wall x1 |
| 16:17 | mentalist_ · wall_segment Palisade Wall x1 |
| 16:18 | mentalist_ · wall_segment Palisade Wall x1 |
| 16:54 | Courtesy · wall_segment Palisade Wall x8 |
| 17:41 | Courtesy · wall_segment Palisade Wall x5 |
| 17:50 | Courtesy · first_market_buy 100 food |
| 18:36 | Courtesy · wall_segment Palisade Wall x6 |
| 18:52 | Courtesy · wall_segment Palisade Wall x11 |
| 19:04 | Courtesy · first_market_sell 100 stone |
| 19:14 | Courtesy · wall_segment Palisade Wall x4 |
| 19:16 | mentalist_ · wall_segment Palisade Wall x4 |
| 19:34 | mentalist_ · wall_segment Palisade Wall x1 |
| 19:37 | mentalist_ · wall_segment Palisade Wall x14 |
| 19:53 | Courtesy · first_building Dock |
| 20:06 | Courtesy · wall_segment Palisade Wall x6 |
| 20:22 | Courtesy · wall_segment Palisade Wall x1 |
| 20:23 | Courtesy · wall_segment Palisade Wall x1 |
| 20:24 | Courtesy · wall_segment Palisade Wall x1 |
| 20:24 | Courtesy · wall_segment Palisade Wall x1 |
| 20:24 | Courtesy · wall_segment Palisade Wall x1 |
| 20:25 | Courtesy · wall_segment Palisade Wall x1 |
| 20:25 | Courtesy · wall_segment Palisade Wall x1 |
| 20:39 | Courtesy · wall_segment Stone Wall x4 |
| 20:43 | Courtesy · wall_segment Stone Wall x2 |
| 20:43 | Courtesy · wall_segment Stone Wall x1 |
| 20:54 | mentalist_ · wall_segment Palisade Wall x14 |
| 21:19 | mentalist_ · wall_segment Palisade Wall x9 |
| 21:21 | mentalist_ · wall_segment Palisade Wall x17 |
| 22:18 | Courtesy · wall_segment Stone Wall x11 |
| 22:23 | Courtesy · age_up castle |
| 23:14 | Courtesy · first_building Siege Workshop |
| 23:41 | Courtesy · wall_segment Stone Wall x1 |
| 23:45 | mentalist_ · age_up castle |
| 24:15 | Courtesy · wall_segment Stone Wall x6 |
| 24:45 | Courtesy · first_building Monastery |
| 27:49 | mentalist_ · first_building Monastery |
| 29:23 | Courtesy · first_building Castle |
| 29:45 | mentalist_ · first_building Castle |
| 31:13 | mentalist_ · first_building Siege Workshop |
| 31:29 | mentalist_ · first_building Stable |
| 33:56 | mentalist_ · age_up imperial |
| 33:58 | Courtesy · age_up imperial |
| 35:13 | mentalist_ · first_market_sell 100 stone |
| 37:57 | mentalist_ · first_market_buy 100 stone |
| 39:34 | Courtesy · wall_segment Stone Wall x1 |
| 41:37 | Courtesy · wall_segment Stone Wall x1 |
| 42:51 | Courtesy · resign |
[ AI ANALYSIS · 1 CREDIT ]
What really happened in this match?
Wolo.gg analyzes every decision: build order, eco, micro, common mistakes by bracket. Personalized analysis on WhatsApp or Discord in 30 seconds.
Civ guide
Gurjaras
Perfil
Jugador #3022245